 Dungeon Crawl Stone Soup version 0.31-a0-237-g2d982f9f85 (webtiles) character file.

Game seed: 16731809864560835443

61 qw the Shooter (level 4, -2/26 HPs)
             Began as a Gargoyle Hexslinger on July 11, 2023.
             Slain by Sigmund
             ... wielding a +0 scythe
              (6 damage)
             ... on level 2 of the Dungeon.
             The game lasted 00:00:35 (1442 turns).

qw the Shooter (Gargoyle Hexslinger)                Turns: 1442, Time: 00:00:35

Health: -2/26      AC:  5    Str: 11    XL:     4   Next: 7%
Magic:  5/5        EV: 12    Int: 14    God:
Gold:   126        SH:  0    Dex: 14    Spells: 4/5 levels left

rFire   . . .        Y - +1 sling
rCold   . . .        (no shield)
rNeg    + . .        c - +0 robe
rPois   inf          (no helmet)
rElec   +            (no cloak)
rCorr   .            (no gloves)
SInv    .            (no boots)
Will    .....        (no amulet)
Stlth   +            (no ring)
HPRegen 0.24/turn    (no ring)
MPRegen 0.09/turn

%: no passive effects
@: confused
A: sickness immunity, AC +3, negative energy resistance 1, electricity
resistance, torment resistance 1, petrification resistance
a: no special abilities


You were on level 2 of the Dungeon.
You visited 1 branch of the dungeon, and saw 2 of its levels.

You collected 126 gold pieces.


Innate Abilities, Weirdness & Mutations

You are immune to sickness and miasma.
Your stone body is resilient. (AC +3)
You are immune to poison.
You resist negative energy. (rN+)
You are resistant to electric shocks. (rElec)
You are resistant to unholy torment.
You are immune to petrification.


   Skills:
 - Level 2.0 Fighting
 + Level 3.9 Ranged Weapons
 - Level 1.5 Dodging
 - Level 1.0 Spellcasting
 - Level 2.6 Hexes


You had 4 spell levels left.
You knew the following spells:

 Your Spells              Type           Power      Damage    Failure   Level
a - Slow                  Hex            32%        N/A       9%          1

Your spell library contained the following spells:

 Spells                   Type           Power      Damage    Failure   Level
 Inner Flame              Hex/Fire       4%         N/A       41%         3
 Portal Projectile        Hex/Tloc       8%         N/A       41%         3
 Cause Fear               Hex            4%         N/A       65%         4

Inventory:

Hand Weapons
 Y - a +1 sling (weapon)
Armour
 a - a +1 cloak
 b - a +0 ring mail
 c - a +0 robe (worn)
Scrolls
 f - 2 scrolls of teleportation
 h - 2 scrolls of identify {unknown}
 i - a scroll of amnesia {unknown}
Potions
 d - 2 potions of curing
 e - a potion of magic {unknown}
 g - a potion of enlightenment {unknown}

Dungeon Overview and Level Annotations

Branches:
Dungeon (2/15)

Altars:

Shops:
D:1 :

Annotations:
D:2 Sigmund


Message History

a +0 dagger; a rat corpse
There is an open door here.
Sigmund the Dreaded comes into view.
He is wielding a +0 scythe and wearing a +2 robe of positive energy.
Enter note:
Enter note:
Enter note:
Enter note:
Enter note:
Enter note:
Enter note:
Enter note:
Enter note: You shoot a sling bullet.
The sling bullet hits Sigmund.
Sigmund shouts!
Sigmund is lightly wounded.
Sigmund breathes a few words.
Sigmund's hands start flickering wildly.
Sigmund drinks a potion.
Sigmund seems to speed up.
You shoot a sling bullet.
The sling bullet closely misses Sigmund.
Sigmund mumbles some strange words.
Sigmund flickers and vanishes!
Deactivating autopickup; reactivate with Ctrl-A.
You shoot a sling bullet.
You are confused.
You shoot a sling bullet.
Something tries to affect you, but you resist.
You shoot a sling bullet. You shoot a sling bullet.
You hear some strange, mumbled words.
You are more confused.
You shoot a sling bullet. Something hits you but does no damage.
You shoot a sling bullet. Something hits you! x2
You shoot a sling bullet. Something hits you!
You shoot a sling bullet. Something hits you.
You die...

.##.# .##.# #.)..........# .##.#
#....>.......# .##.#
#......(...).# .##.#
#............# .##.#
#............#
....#####............#######
.................###........
......(.........@...............+
............%......%............#
.######..........###............#
%# #....).....# #............# )#
######.....# #............# .#
#.....# #............# .#
#.#######............# .## #.#
#............## ..# #.#
#............##


There were no monsters in sight!

Vanquished Creatures
  An adder (D:2)
  A worm (D:2)
  2 dart slugs (D:1)
  2 endoplasms (D:2)
  2 giant cockroaches (D:2)
  4 goblins
  7 hobgoblins
  3 kobolds
  2 quokkas (D:1)
  5 ball pythons
  2 bats (D:1)
  3 frilled lizards
  11 rats
45 creatures vanquished.

Notes
Turn   | Place    | Note
-------+----------+-------------------------------------------
     0 | D:1      | qw the Gargoyle Hexslinger began the quest for the Orb.
     0 | D:1      | Reached XP level 1. HP: 12/12 MP: 2/2
     0 | D:1      | 0 ||| qw: Version: 0.3-a-52-g30416fa
     0 | D:1      | 0 ||| qw: Game counter: 5686
     0 | D:1      | 0 ||| qw: Melee chars always use a shield: true
     0 | D:1      | 0 ||| qw: God list: Okawaru
     0 | D:1      | 0 ||| qw: Allow faded altars: false
     0 | D:1      | 0 ||| qw: Do Orc after clearing Dungeon:15 true
     0 | D:1      | 0 ||| qw: Do second Lair branch before Depths: true
     0 | D:1      | 0 ||| qw: Lair rune preference: random
     0 | D:1      | 0 ||| qw: Goals: Normal
     0 | D:1      | 0 ||| PLANNING D:1-11
   144 | D:1      | Reached XP level 2. HP: 15/16 MP: 3/3
   173 | D:1      | Reached skill level 3 in Ranged Weapons
   313 | D:1      | Found Pun Kic's Book Boutique.
   700 | D:1      | Reached XP level 3. HP: 21/21 MP: 4/4
   856 | D:1      | 856 ||| READING scroll labelled MUHUCA GITHAUPP.
   871 | D:1      | 871 ||| READING 3 scrolls labelled ZONNOA GYMARO.
   876 | D:1      | 876 ||| DRINKING 2 dark potions.
   877 | D:1      | 877 ||| DROPPING scroll of poison.
  1344 | D:2      | Reached XP level 4. HP: 22/26 MP: 5/5
  1432 | D:2      | Noticed Sigmund
  1441 | D:2      | HP: 4/26 [something (7)]
  1442 | D:2      | Slain by Sigmund

Levels and vault maps discovered:
D:1:      giann_forest_graveyard, layout_basic, serial_shops, shop
D:2:      minmay_razor_zed, layout_basic, uniq_sigmund

Skill      XL: |  1  2  3 |
---------------+----------+-----
Ranged Weapons | 3 |  3.9
Fighting       | 2 |  2.0
Dodging        | |  1.5
Spellcasting   | |  1.0
Hexes          | |  2.6

Action                     |  1- 3 |  4- 6 || total
---------------------------+-------+-------++-------
   Fire: Sling             |   134 |    18 ||   152
    Use: Scroll            |     2 |       ||     2
         Potion            |     1 |       ||     1
 Armour: Robe              |    18 |     2 ||    20
  Dodge: Dodged            |    28 |     1 ||    29

Table legend:
 A = Non-vault XP
 B = Vault XP
 C = Vault XP percentage of total XP
 D = Non-vault monster count
 E = Vault monster count
 F = Vault count percentage of total count
                 A         B        C        D         E       F
            +---------+---------+-------+---------+---------+-------
      Total |      76 |      12 |  13.6 |      39 |       6 |  13.3
            +---------+---------+-------+---------+---------+-------
        D:1 |      36 |       0 |   0.0 |      22 |       0 |   0.0
        D:2 |      40 |      12 |  23.1 |      17 |       6 |  26.1
            +---------+---------+-------+---------+---------+-------
